 Dungeon Crawl Stone Soup version 0.31-a0-198-g2ad674f65e (webtiles) character file.

Game seed: 13506792912274586868

288 qw the Skirmisher (level 6, 0/35 HPs)
             Began as a Deep Elf Hunter on June 25, 2023.
             Slain by a phantom (3 damage)
             ... on level 4 of the Dungeon.
             The game lasted 00:01:09 (3157 turns).

qw the Skirmisher (Deep Elf Hunter)                 Turns: 3157, Time: 00:01:10

Health: 0/35       AC:  5    Str: 10    XL:     6   Next: 9%
Magic:  8/8        EV: 11    Int: 14    God:
Gold:   164        SH:  0    Dex: 18    Spells: 5/5 levels left

rFire   . . .        Y - +0 shortbow
rCold   . . .        (shield currently unavailable)
rNeg    . . .        f - +0 ring mail
rPois   .            (no helmet)
rElec   .            (no cloak)
rCorr   .            (no gloves)
SInv    .            (no boots)
Will    +....        (no amulet)
Stlth   +            b - ring of willpower
HPRegen 0.25/turn    (no ring)
MPRegen 0.11/turn

%: no passive effects
@: slowed, very slow
A: no striking features
a: no special abilities


You were on level 4 of the Dungeon.
You visited 1 branch of the dungeon, and saw 4 of its levels.

You collected 164 gold pieces.


   Skills:
 - Level 2.0 Fighting
 + Level 9.5 Ranged Weapons
 - Level 2.4 Dodging
 - Level 1.2 Stealth


You had 5 spell levels left.
You didn't know any spells.
Your spell library was empty.

Inventory:

Hand Weapons
 Y - a +0 shortbow (weapon)
Armour
 f - a +0 ring mail (worn)
 h - a +0 helmet
Jewellery
 b - a ring of willpower (left hand)
Scrolls
 a - 2 scrolls of identify
 j - a scroll of immolation {unknown}
Potions
 c - 2 potions of curing {unknown}
 d - a potion of enlightenment {unknown}
 e - 2 potions of might {unknown}
 g - a potion of berserk rage {unknown}
 i - a potion of mutation {unknown}

Dungeon Overview and Level Annotations

Branches:
Dungeon (4/15)
 Temple: D:4-7

Altars:
Hepliaklqana
Trog

Shops:
D:4 (==

Annotations:
D:4 1 runed translucent door, Natasha


Message History

The phantom hits you.
The phantom blinks!
You blink.
Found a scroll labelled COLUHAIKOHAG and a shiny wooden wand.
The phantom closely misses you.
Enter note:
Enter note:
Enter note:
Enter note:
Enter note:
Enter note:
Enter note:
Enter note:
Enter note: You shoot an arrow.
The arrow hits the phantom.
The phantom is moderately damaged.
The phantom barely misses you.
You shoot an arrow. The arrow barely misses the phantom.
The phantom hits you but does no damage.
You shoot an arrow.
The arrow hits the phantom but does no damage.
The phantom is moderately damaged.
The phantom hits you.
You shoot an arrow. The arrow hits the phantom.
The phantom is heavily damaged.
Natasha claws you but does no damage. The phantom completely misses you.
You shoot an arrow. The arrow hits the phantom!
The phantom is almost destroyed.
Natasha claws you.
The phantom hits you but does no damage.
Natasha closely misses you.
You shoot an arrow. The arrow misses the phantom.
The phantom hits you.
Natasha stares at you and mumbles some strange words.
You feel yourself slow down.
You shoot an arrow. The arrow misses the phantom.
The phantom hits you but does no damage.
Natasha claws you. The phantom barely misses you.
You shoot an arrow. The arrow barely misses the phantom.
Natasha casts a spell at you. The magic dart hits you. The phantom hits you.
You die...

# .# # #### ## #.## #
#.... ..#...## ## #.#
#.###../...##. .######.#
#.............
.....##.###...........#.
...#.#..##....:........+
.....).........h@.......
77...777..##...W.###...?
#7.7# #7.###..... . 7.7
7.......... #7.7#
7...........
77.7.777..#..........
..777............#####
77.7.777........## #7.7#
.##


You could see a phantom and Natasha.

Vanquished Creatures
  A scorpion (D:4)
  An iguana (D:3)
  Ijyb (D:3)
  Robin (D:4)
  7 adders
  4 worms
  A dart slug (D:1)
  7 orcs
  5 ball pythons
  6 bats
  6 endoplasms
  3 giant cockroaches
  14 goblins
  6 hobgoblins
  3 jackals (D:2)
  4 quokkas
  3 frilled lizards (D:2)
  7 kobolds
  3 rats
83 creatures vanquished.

Notes
Turn   | Place    | Note
-------+----------+-------------------------------------------
     0 | D:1      | qw the Deep Elf Hunter began the quest for the Orb.
     0 | D:1      | Reached XP level 1. HP: 12/12 MP: 3/3
     0 | D:1      | 0 ||| qw: Version: 0.3-a-22-g0ed2b0b
     0 | D:1      | 0 ||| qw: Game counter: 5130
     0 | D:1      | 0 ||| qw: Melee chars always use a shield: true
     0 | D:1      | 0 ||| qw: God list: Okawaru
     0 | D:1      | 0 ||| qw: Allow faded altars: false
     0 | D:1      | 0 ||| qw: Do Orc after clearing Dungeon:15 true
     0 | D:1      | 0 ||| qw: Do second Lair branch before Depths: true
     0 | D:1      | 0 ||| qw: Lair rune preference: random
     0 | D:1      | 0 ||| qw: Goals: Normal
     0 | D:1      | 0 ||| PLANNING D:1-11
    80 | D:1      | Reached XP level 2. HP: 16/16 MP: 4/4
   256 | D:1      | Reached skill level 6 in Ranged Weapons
   739 | D:1      | 739 ||| UPGRADING to +0 ring mail.
   749 | D:1      | 749 ||| DROPPING +0 leather armour.
   750 | D:1      | 750 ||| READING 2 scrolls labelled PELIANEPPE.
   751 | D:1      | 751 ||| DRINKING 2 dark potions.
   781 | D:1      | 781 ||| DROPPING scroll of butterflies.
   782 | D:1      | 782 ||| DROPPING potion of lignification.
   840 | D:2      | Reached XP level 3. HP: 11/20 MP: 5/5
   895 | D:2      | Found a bloodstained altar of Trog.
   911 | D:2      | Reached skill level 7 in Ranged Weapons
  1097 | D:2      | 1097 ||| FLEEEEING.
  1098 | D:2      | 1098 ||| FLEEEEING.
  1099 | D:2      | 1099 ||| FLEEEEING.
  1100 | D:2      | 1100 ||| FLEEEEING.
  1101 | D:2      | 1101 ||| FLEEEEING.
  1102 | D:2      | 1102 ||| FLEEEEING.
  1221 | D:2      | Reached XP level 4. HP: 25/25 MP: 6/6
  1545 | D:2      | 1545 ||| UPGRADING to ring of willpower.
  1546 | D:2      | 1546 ||| READING scroll labelled LURROE IRYARAL.
  1676 | D:3      | Found a hazy altar of Hepliaklqana.
  1771 | D:3      | Reached skill level 8 in Ranged Weapons
  1937 | D:3      | Noticed Ijyb
  1955 | D:3      | Killed Ijyb
  1956 | D:3      | Reached XP level 5. HP: 15/29 MP: 7/7
  2334 | D:3      | Found a faded altar of an unknown god.
  2574 | D:3      | 2574 ||| READING scroll labelled GIVAEBLATUP.
  2575 | D:3      | 2575 ||| DRINKING 4 bubbling puce potions.
  2576 | D:3      | 2576 ||| DROPPING 3 potions of brilliance.
  2620 | D:4      | Noticed Natasha
  2620 | D:4      | Found Fionepp's Weapon Boutique.
  2620 | D:4      | Found Witeoraj's Jewellery Boutique.
  2620 | D:4      | Found Hillod's Jewellery Boutique.
  2622 | D:4      | 2622 ||| Stepping randomly (stuck).
  2687 | D:4      | Noticed Robin
  2689 | D:4      | 2689 ||| Stepping ~*~*~tactically~*~*~ (outnumbered).
  2702 | D:4      | Killed Robin
  2703 | D:4      | Reached skill level 9 in Ranged Weapons
  2715 | D:4      | Noticed an ogre
  2792 | D:4      | 2792 ||| SHOPLISTING +4 ring of protection (432 gold, have
                  | 152).
  2792 | D:4      | 2792 ||| SHOPLISTING +6 ring of strength (432 gold, have
                  | 152).
  2792 | D:4      | 2792 ||| SHOPLISTING ring of positive energy (240 gold,
                  | have 152).
  2792 | D:4      | 2792 ||| SHOPLISTING ring of protection from cold (300
                  | gold, have 152).
  2792 | D:4      | 2792 ||| SHOPLISTING ring of resist corrosion (240 gold,
                  | have 152).
  2792 | D:4      | 2792 ||| SHOPLISTING ring of the Prince {rC+ Int+2} (434
                  | gold, have 152).
  2928 | D:4      | Reached XP level 6. HP: 18/35 MP: 8/8
  3041 | D:4      | Found a runed translucent door.
  3156 | D:4      | HP: 5/35 [Natasha (6)]
  3157 | D:4      | Slain by a phantom

Levels and vault maps discovered:
D:1:      minmay_arrival_four_circles, layout_basic,
          chequers_serial_rivers_small_b, grunt_decor_clamped, minmay_tripent
D:2:      layout_loops_ring, basic_altar
D:3:      layout_loops_corners, nicolae_overflow_crystal_walls,
          hellmonk_ecumenical_altar_defaced_shrine, uniq_ijyb
D:4:      layout_loops_corners, ebering_ghost_reflecting_pool,
          nicolae_shop_distant_corner_stores, minmay_parallelograms,
          minmay_stone_trees_medium, uniq_natasha, uniq_robin

Skill      XL: |  1  2  3  4  5 |
---------------+----------------+-----
Ranged Weapons | 6 7 8 9 |  9.5
Fighting       | 2 |  2.0
Dodging        | |  2.4
Stealth        | |  1.2

Action                     |  1- 3 |  4- 6 || total
---------------------------+-------+-------++-------
   Fire: Shortbow          |    80 |   206 ||   286
    Use: Scroll            |     1 |     2 ||     3
         Potion            |     1 |     1 ||     2
 Armour: Ring mail         |     3 |    40 ||    43
  Dodge: Dodged            |     5 |    72 ||    77

Table legend:
 A = Non-vault XP
 B = Vault XP
 C = Vault XP percentage of total XP
 D = Non-vault monster count
 E = Vault monster count
 F = Vault count percentage of total count
                 A         B        C        D         E       F
            +---------+---------+-------+---------+---------+-------
      Total |     330 |      82 |  19.9 |      66 |      17 |  20.5
            +---------+---------+-------+---------+---------+-------
        D:1 |      26 |       4 |  13.3 |      14 |       2 |  12.5
        D:2 |      95 |       0 |   0.0 |      25 |       0 |   0.0
        D:3 |      93 |      42 |  31.1 |      16 |       3 |  15.8
        D:4 |     116 |      36 |  23.7 |      11 |      12 |  52.2
            +---------+---------+-------+---------+---------+-------
